 Dungeon Crawl Stone Soup version 0.24-a0-232-g49d9ff8 (webtiles) character file.

Game seed: 15716984589314369643

407 TheGoonsmith the Magician (level 6, -2/32 HPs)
             Began as a Deep Elf Fire Elementalist on Apr 4, 2019.
             Slain by an ice beast (12 damage)
             ... on level 5 of the Dungeon.
             The game lasted 00:06:43 (4004 turns).

TheGoonsmith the Magician (DEFE)                    Turns: 4004, Time: 00:06:43

Health: -2/32      AC:  3    Str:  5    XL:     6   Next: 57%
Magic:  14/16      EV: 13    Int: 21    God:
Gold:   213        SH:  0    Dex: 16    Spells: 8/16 levels left

rFire    . . .     SeeInvis .   n - +1 war axe (chop)
rCold    . . .     Gourm    .   (no shield)
rNeg     . . .     Faith    .   a - +1 robe
rPois    .         Spirit   .   (no helmet)
rElec    .         Reflect  .   (no cloak)
rCorr    .         Harm     .   (no gloves)
MR       +....                  (no boots)
Stlth    ++........             (no amulet)
HPRegen  0.10/turn              i - ring of protection from magic
MPRegen  0.15/turn              (no ring)

@: no status effects
A: no striking features
a: no special abilities


You were on level 5 of the Dungeon.
You were not hungry.

You visited 1 branch of the dungeon, and saw 5 of its levels.

You collected 213 gold pieces.

Inventory:

Hand Weapons
 b - a +0 short sword
 n - a +1 war axe of chopping (weapon)
Armour
 a - a +1 robe (worn)
Jewellery
 i - a ring of protection from magic (left hand)
Wands
 l - a wand of scattershot (4)
Scrolls
 d - 7 scrolls of remove curse
 h - a scroll of amnesia
 j - a scroll of teleportation
 m - 2 scrolls of identify
 q - a scroll of immolation {unknown}
Potions
 e - 2 potions of invisibility
 f - 2 potions of curing {unknown}
 g - a potion of lignification
 k - a potion of degeneration {unknown}
 o - 2 potions of cancellation {unknown}
 p - a potion of might {unknown}
Comestibles
 c - 12 rations


   Skills:
 - Level 2.4 Dodging
 - Level 2.4 Stealth
 + Level 5.8 Spellcasting
 + Level 4.4 Conjurations
 + Level 5.4 Fire Magic


You had 8 spell levels left.
You knew the following spells:

 Your Spells              Type           Power        Failure   Level  Hunger
a - Flame Tongue          Conj/Fire      ####.        1%          1    None
c - Conjure Flame         Conj/Fire      ####....     4%          3    ##.....
s - Sticky Flame          Conj/Fire      ####....     13%         4    ####...

Your spell library contained the following spells:

 Spells                   Type           Power        Failure   Level  Hunger
 Throw Flame              Conj/Fire      ####..       1%          2    None
 Inner Flame              Hex/Fire       ###.....     10%         3    ##.....
 Fireball                 Conj/Fire      ####......   36%         5    #####..


Dungeon Overview and Level Annotations

Branches:
Dungeon (5/15)             Temple (0/1) D:5

Altars:
Qazlal
Sif Muna


Message History

You miss the crimson imp. The ice beast hits you. The ice beast freezes you!
The crimson imp hits you. The ice beast completely misses you.
You are too injured to fight recklessly!
Casting: Flame Tongue (safe; 1% risk of failure)
Confirm with . or Enter, or press ? or * to list all spells.
Aiming: Flame Tongue (safe; 1% risk of failure)
Press: ? - help, Shift-Dir - straight line, f - ice beast
Aim: an ice beast (heavily wounded)
The flame tongue hits the ice beast!
The ice beast melts!
The ice beast is severely wounded.
The crimson imp closely misses you. The ice beast barely misses you.
Casting: Flame Tongue (safe; 1% risk of failure)
Confirm with . or Enter, or press ? or * to list all spells.
Aiming: Flame Tongue (safe; 1% risk of failure)
Press: ? - help, Shift-Dir - straight line, f/p - ice beast
Aim: an ice beast (severely wounded)
The flame tongue hits the ice beast but does no damage.
The ice beast is severely wounded.
The crimson imp hits you. The ice beast hits you. The ice beast freezes you!
You die...

#...##### #...##..##
. #........# ..
#........# ...
#..###..## ..
#..###...####
#.####.............
#..Y.#.............
#..5@'.......#.......
#....#..##...#.......
#....#..##...#.......
##+###...'...+......
#...#...#....###
#..###'##....#..
#+##.........#..
#.........#.>
#.....(...#..


You could see an ice beast and a crimson imp.

Vanquished Creatures
  An ogre (D:4)
  An orc priest (D:3)
  A hound (D:4)
  An orc wizard (D:3)
  2 worker ants
  A hound skeleton (D:4)
  5 gnolls
  5 adders
  An adder skeleton (D:4)
  A worm (D:3)
  2 dart slugs (D:1)
  A leopard gecko (D:1)
  10 orcs
  A ball python (D:2)
  3 bats
  2 giant cockroaches
  2 goblins
  10 hobgoblins
  4 jackals (D:4)
  7 frilled lizards
  4 kobolds
  5 rats
70 creatures vanquished.

Notes
Turn   | Place    | Note
-------+----------+-------------------------------------------
     0 | D:1      | TheGoonsmith the Deep Elf Fire Elementalist began the quest
                  | for the Orb.
     0 | D:1      | Reached XP level 1. HP: 10/10 MP: 6/6
    25 | D:1      | Reached XP level 2. HP: 15/15 MP: 5/8
   489 | D:1      | Reached XP level 3. HP: 11/19 MP: 0/10
  1333 | D:3      | Reached XP level 4. HP: 24/24 MP: 10/12
  1641 | D:3      | Reached XP level 5. HP: 28/28 MP: 10/14
  2204 | D:2      | Reached skill level 5 in Spellcasting
  2481 | D:2      | Learned a level 4 spell: Sticky Flame
  2485 | D:2      | Learned a level 3 spell: Conjure Flame
  2587 | D:2      | Found a stormy altar of Qazlal.
  2854 | D:4      | Found a deep blue altar of Sif Muna.
  3044 | D:4      | Noticed an ogre
  3052 | D:4      | Killed an ogre
  3052 | D:4      | Reached skill level 5 in Fire Magic
  3052 | D:4      | Reached XP level 6. HP: 32/32 MP: 6/16
  3951 | D:5      | Entered Level 5 of the Dungeon
  3951 | D:5      | Found a staircase to the Ecumenical Temple.
  4000 | D:5      | Noticed an ice beast
  4004 | D:5      | Slain by an ice beast

Levels and vault maps discovered:
D:1:      dpeg_arrival_castle, layout_basic
D:2:      layout_rooms, lemuel_crystal_altar
D:3:      layout_basic, first_ration
D:4:      layout_basic, lemuel_crystal_altar
D:5:      layout_gridville, marbit_many_paths, minmay_temple_entry_statues

Skill      XL: |  1  2  3  4  5 |
---------------+----------------+-----
Conjurations   | 2 3 4 |  4.4
Spellcasting   | 4 5 |  5.8
Fire Magic     | 4 5 |  5.4
Dodging        | |  2.4
Stealth        | |  2.4

Action                   |  1- 3 |  4- 6 || total
-------------------------+-------+-------++-------
Melee: Short sword       |     5 |       ||     5
       War axe           |       |     4 ||     4
 Cast: Flame Tongue      |    50 |   116 ||   166
       Conjure Flame     |       |     1 ||     1
  Use: Potion            |     1 |       ||     1
       Scroll            |       |     8 ||     8
  Eat: Chunk             |       |     7 ||     7
       Ration            |       |     1 ||     1
Armor: Robe              |     1 |     4 ||     5
Dodge: Dodged            |    12 |    27 ||    39

Table legend:
 A = Non-vault XP
 B = Vault XP
 C = Vault XP percentage of total XP
 D = Non-vault monster count
 E = Vault monster count
 F = Vault count percentage of total count
                 A         B        C        D         E       F
            +---------+---------+-------+---------+---------+-------
      Total |     582 |       0 |   0.0 |      70 |       0 |   0.0
            +---------+---------+-------+---------+---------+-------
        D:1 |      54 |       0 |   0.0 |      21 |       0 |   0.0
        D:2 |     102 |       0 |   0.0 |      12 |       0 |   0.0
        D:3 |     166 |       0 |   0.0 |      24 |       0 |   0.0
        D:4 |     259 |       0 |   0.0 |      12 |       0 |   0.0
        D:5 |       1 |       0 |   0.0 |       1 |       0 |   0.0
            +---------+---------+-------+---------+---------+-------
